 Dungeon Crawl Stone Soup version 0.27-a0-906-g0a00ce863d (webtiles) character file.

Game seed: 11900287736950193632

711 robertstho the Chopper (level 7, -7/99 HPs)
             Began as a Deep Dwarf Berserker on Apr 7, 2021.
             Was a Believer of Trog.
             Mangled by an ogre
             ... wielding a +0 giant club
              (22 damage)
             ... on level 5 of the Dungeon.
             The game lasted 00:04:30 (3323 turns).

robertstho the Chopper (Deep Dwarf Berserker)       Turns: 3323, Time: 00:04:30

Health: -7/99      AC: 12    Str: 23    XL:     7   Next: 40%
Magic:  4/4        EV:  9    Int:  7    God:    Trog [**....]
Gold:   180        SH:  0    Dex: 12    Spells: 6/6 levels left

rFire    + . .     SeeInvis .   h - +0 hand axe (freeze)
rCold    . . .     Faith    .   (no shield)
rNeg     . . .     Spirit   .   l - +0 chain mail
rPois    .         Reflect  .   (no helmet)
rElec    .         Harm     .   i - +1 cloak
rCorr    .         Rampage  .   (no gloves)
Will     ++...                  (no boots)
Stlth    ..........             (no amulet)
HPRegen  0.00/turn              e - ring of willpower
MPRegen  0.09/turn              a - ring of protection from fire

@: berserking, non-regenerating, very quick
A: damage resistance, heal wounds, sense surroundings 1, no regeneration
a: Heal Wounds, Renounce Religion, Berserk, Trog's Hand


You were on level 5 of the Dungeon.
You worshipped Trog.
Trog was pleased with you.
You visited 1 branch of the dungeon, and saw 5 of its levels.

You collected 180 gold pieces.

Inventory:

Hand Weapons
 h - a +0 hand axe of freezing (weapon)
 n - a +1 dire flail of protection
Armour
 i - a +1 cloak (worn)
 l - a +0 chain mail (worn)
Jewellery
 a - a ring of protection from fire (right hand)
 e - a ring of willpower (left hand)
 o - a ring of magical power
Scrolls
 b - a scroll of magic mapping {unknown}
 g - 3 scrolls of blinking
 m - a scroll of summoning {unknown}
 q - a scroll of fear {unknown}
Potions
 c - 2 potions of heal wounds {unknown}
 d - a potion of resistance {unknown}
 f - a potion of curing {unknown}
 j - a potion of brilliance {unknown}
 k - a potion of mutation {unknown}
 p - a potion of ambrosia {unknown}


   Skills:
 * Level 4.8 Fighting
 + Level 6.1 Axes
 * Level 5.0 Armour
 + Level 3.2 Dodging
 + Level 1.7 Stealth


You had 6 spell levels left.
You didn't know any spells.
Your spell library was empty.

Dungeon Overview and Level Annotations

Branches:
Dungeon (5/15)
 Temple: D:4-7

Altars:
Dithmenos
Okawaru
Ru
Sif Muna
Trog
Uskayaw
Vehumet
Yredelemnul
Zin


Innate Abilities, Weirdness & Mutations

You are resistant to damage.
You can heal yourself by infusing magical energy.
You passively map a small area around you.
You do not regenerate.


Message History

You hit the ogre. You freeze the ogre.
The ogre is severely wounded.
You completely miss the ogre. The ogre closely misses you.
The ogre hits you with a +0 giant club!!
You are too injured to fight recklessly!
You are too injured to fight recklessly!
You are too injured to fight recklessly!
You are too injured to fight recklessly!
You are too injured to fight recklessly!
You are too injured to fight recklessly!
You are too injured to fight recklessly!
You are too injured to fight recklessly!
You are too injured to fight recklessly!
You are too injured to fight recklessly!
You are too injured to fight recklessly!
You are too injured to fight recklessly!
You are too injured to fight recklessly!
You are too injured to fight recklessly!
You are too injured to fight recklessly!
You are too injured to fight recklessly!
Unknown command.
A red film seems to cover your vision as you go berserk!
You feel yourself moving faster!
You feel mighty!
The ogre hits you with a +0 giant spiked club!!
* * * LOW HITPOINT WARNING * * *
The orc wizard gestures at itself while chanting.
The orc wizard flickers and vanishes!
Deactivating autopickup; reactivate with Ctrl-A.
The ogre hits you with a +0 giant club!
* * * LOW HITPOINT WARNING * * *
You slash the ogre! You freeze the ogre.
You kill the ogre!
Trog accepts your kill.
You slash the ogre! You freeze the ogre.
Your Armour skill increases to level 5!
Unknown command.
You slash the ogre! You freeze the ogre.
The ogre is almost dead.
The ogre hits you with a +0 giant club!!
You die...

, ..# * , , ....
###** .... ... ,,
, , ..o #.# * , *
, Oo##.# * , ,
#o..# , * * ##.O{#
*, , ,* ,#...@# ,
, , , #.##.# , * *
, , , ,^ #.# ,* *
** ####.# * ... .#
####### #....# ...
.# ......# #.##.#
* *#.#* .#
......#######.##.#
* #.# .#
...........##.##.#
* #.# .#
......####....##.#
# *#.# .#


You could see 2 ogres, an orc wizard and 2 orcs.

Vanquished Creatures
  Edmund (D:4)
  Duvessa (D:4)
  An ogre (D:5)
  Dowan (D:4)
  A water moccasin skeleton (D:4)
  An orc priest (D:2)
  Crazy Yiuf (D:3)
  A gnoll shaman (D:5)
  2 scorpion zombies (D:5)
  A hound skeleton (D:4)
  4 gnolls
  3 adders
  5 worms
  A dart slug (D:1)
  9 orcs
  5 bats
  16 endoplasms
  2 goblins
  5 hobgoblins
  3 jackals (D:3)
  5 ball pythons
  2 frilled lizards
  4 kobolds
  5 rats
80 creatures vanquished.

Vanquished Creatures (others)
  5 plants (D:1)
5 creatures vanquished.

Grand Total: 85 creatures vanquished

Notes
Turn   | Place    | Note
-------+----------+-------------------------------------------
     0 | D:1      | robertstho the Deep Dwarf Berserker began the quest for the
                  | Orb.
     0 | D:1      | Reached XP level 1. HP: 20/20 MP: 1/1
   287 | D:1      | Reached XP level 2. HP: 22/28 MP: 2/2
   402 | D:1      | Found a faded altar of an unknown god.
   727 | D:2      | Reached XP level 3. HP: 29/34 MP: 2/2
   978 | D:2      | Reached skill level 4 in Axes
   978 | D:2      | Reached XP level 4. HP: 31/42 MP: 3/3
  1099 | D:2      | Reached ** piety under Trog
  1612 | D:3      | Found a shimmering blue altar of Sif Muna.
  1759 | D:3      | Found a radiant altar of Vehumet.
  2037 | D:3      | Reached skill level 1 in Stealth
  2292 | D:3      | Found a runed translucent door.
  2293 | D:3      | Noticed Crazy Yiuf
  2305 | D:3      | Killed Crazy Yiuf
  2306 | D:3      | Reached XP level 5. HP: 33/50 MP: 4/4
  2443 | D:4      | Found a sacrificial altar of Ru.
  2447 | D:4      | Noticed Duvessa
  2447 | D:4      | Noticed Dowan
  2474 | D:4      | Killed Duvessa
  2475 | D:4      | Reached XP level 6. HP: 30/57 MP: 4/4
  2491 | D:4      | Killed Dowan
  2492 | D:4      | Reached skill level 5 in Axes
  2887 | D:4      | Found a glowing silver altar of Zin.
  2890 | D:4      | Found a hide-covered altar of Uskayaw.
  2893 | D:4      | Found a shadowy altar of Dithmenos.
  2896 | D:4      | Found an iron altar of Okawaru.
  3014 | D:4      | Noticed Edmund
  3029 | D:4      | Killed Edmund
  3157 | D:5      | Entered Level 5 of the Dungeon
  3167 | D:5      | Reached XP level 7. HP: 54/66 MP: 4/4
  3273 | D:5      | Found a basalt altar of Yredelemnul.
  3283 | D:5      | Reached skill level 6 in Axes
  3312 | D:5      | Found a bloodstained altar of Trog.
  3323 | D:5      | Reached skill level 5 in Armour
  3323 | D:5      | Mangled by an ogre

Illustrated notes

Levels and vault maps discovered:
D:1:      dpeg_arrival_shrine, layout_rooms,
          shapermc_ecumenical_altar_notcrosses, serial_bayou_lake_a
D:2:      layout_loops_corners
D:3:      layout_loops_ring, nicolae_sif_muna_little_library, vehumet_crystals,
          minmay_misc_feat_ornament, uniq_crazy_yiuf_cottage
D:4:      layout_basic, nicolae_ru_sacrificial_ziggurat,
          grunt_temple_overflow_cloverleaf, uniq_duvessa, uniq_edmund
D:5:      layout_loops_ring, bloody_trog, lemuel_zombie_altar_yredelemnul

Skill      XL: |  1  2  3  4  5  6  7 |
---------------+----------------------+-----
Fighting       | 3 4 |  4.8
Axes           | 4 5 6 |  6.1
Armour         | 3 4 5 |  5.0
Dodging        | 3 |  3.2
Stealth        | 1 |  1.7

Action                   |  1- 3 |  4- 6 |  7- 9 || total
-------------------------+-------+-------+-------++-------
Melee: Hand axe          |    73 |   165 |    36 ||   274
Invok: Berserk           |     1 |     7 |     1 ||     9
       Trog's Hand       |       |     5 |       ||     5
 Abil: Heal Wounds       |     2 |     3 |     2 ||     7
  Use: Scroll            |       |     4 |       ||     4
 Stab: Sleeping          |     3 |     1 |       ||     4
Armor: Animal skin       |    14 |     8 |       ||    22
       Chain mail        |       |    48 |    15 ||    63
Dodge: Dodged            |    25 |    83 |    20 ||   128

Table legend: (Time is in decaauts)
 A = Elapsed time spent in this place.
 B = Non-inter-level travel time spent in this place.
 C = Inter-level travel time spent in this place.
 D = Time resting spent in this place.
 E = Time spent auto-exploring this place.
 F = Levels seen in this place.
 G = Mean time per level.
                   A        B        C        D        E       F      G
               +--------+--------+--------+--------+--------+-----+--------+
         Total |   3447 |   3284 |    163 |     27 |   2545 |   5 |  689.4 |
       Dungeon |   3447 |   3284 |    163 |     27 |   2545 |   5 |  689.4 |
               +--------+--------+--------+--------+--------+-----+--------+

Top non-repeatable levels by time:
     D:2: 921 daAuts
     D:3: 861 daAuts
     D:4: 830 daAuts
     D:1: 700 daAuts
     D:5: 134 daAuts
